 Dungeon Crawl Stone Soup version 0.29.1-13-g9f3cf754e1 (webtiles) character file.

Game seed: 16503354912707944819

38909 necKro23 the Fighter (level 14, -1/94 HPs)
             Began as a Gargoyle Berserker on Feb 9, 2023.
             Was a Priest of Trog.
             Slain by a sixfirhy (3 damage)
             ... summoned by a kobold demonologist
             ... on level 13 of the Dungeon.
             The game lasted 01:07:48 (18251 turns).

necKro23 the Fighter (Gargoyle Berserker)          Turns: 18251, Time: 01:07:49

Health: -1/94      AC: 19    Str: 26    XL:     14   Next: 4%
Magic:  14/14      EV: 10    Int:  8    God:    Trog [***...]
Gold:   724        SH:  0    Dex:  9    Spells: 13/13 levels left

rFire   . . .      SeeInvis .   J - +6 battleaxe of Davio {protect, Stlth+}
rCold   . . .      Faith    +   (shield currently unavailable)
rNeg    + . .      Spirit   .   N - +0 plate armour
rPois   ∞          Reflect  .   U - +1 hat
rElec   +          Harm     .   X - +0 cloak
rCorr   .          Rampage  .   u - +0 pair of gloves
Will    ++++.                   C - +0 pair of boots
Stlth   ..........              t - amulet of faith
HPRegen 1.25/turn               r - +4 ring of slaying
MPRegen 0.14/turn               p - ring of willpower

@: strong-willed, corroded, under a protective aura, on berserk cooldown,
flying, regenerating
A: sickness immunity, AC +10, big wings, negative energy resistance 1,
electricity resistance, torment resistance 1, petrification resistance
a: Renounce Religion, Berserk, Trog's Hand


You were on level 13 of the Dungeon.
You worshipped Trog.
Trog was most pleased with you.
You visited 2 branches of the dungeon, and saw 14 of its levels.
You also visited: Ossuary.

You collected 802 gold pieces.
You spent 78 gold pieces at shops.

Inventory:

Hand Weapons
 z - a +1 hand axe of freezing
 A - a +0 war axe of flaming
 J - the +6 battleaxe of Davio (weapon) {protect, Stlth+}
   (You found it on level 12 of the Dungeon)

   It grants its wielder temporary protection when it strikes (+7 to AC).
   Stlth:     It makes you more stealthy.
 M - a +0 battleaxe
 W - a +0 vampiric broad axe
Missiles
 T - 37 poisoned darts (quivered)
Armour
 u - a +0 pair of gloves (worn)
 C - a +0 pair of boots (worn)
 N - a +0 plate armour (worn)
 U - a +1 hat (worn)
 V - an orb of wrath
 X - a +0 cloak (worn)
Jewellery
 p - a ring of willpower (right hand)
 r - a +4 ring of slaying (left hand)
 t - an amulet of faith (around neck)
 B - a +6 ring of strength
 F - an amulet of the acrobat
 O - a +6 ring of strength
 Q - an amulet of regeneration
 Z - a ring of see invisible
Wands
 k - a wand of polymorph (23)
 w - a wand of paralysis (12)
 D - a wand of flame (14)
 G - a wand of mindburst (13)
 R - a wand of roots (8)
 S - a wand of quicksilver (5)
 Y - a wand of digging (3)
Scrolls
 a - 4 scrolls of fear {unknown}
 b - a scroll of brand weapon {unknown}
 d - 3 scrolls of poison {unknown}
 e - 8 scrolls of identify
 i - a scroll of magic mapping {unknown}
 j - 7 scrolls of amnesia {unknown}
 l - 5 scrolls of immolation {unknown}
 m - a scroll of summoning
 n - a scroll of enchant weapon {unknown}
 v - 6 scrolls of teleportation {unknown}
 y - 5 scrolls of vulnerability {unknown}
 E - 6 scrolls of fog {unknown}
 I - a scroll of silence
 K - 2 scrolls of enchant armour {unknown}
Potions
 c - 3 potions of magic {unknown}
 f - 3 potions of might {unknown}
 g - 4 potions of curing
 h - 2 potions of brilliance {unknown}
 o - 6 potions of haste
 q - 2 potions of mutation
 s - 3 potions of attraction {unknown}
 x - a potion of lignification
 L - 3 potions of invisibility
 P - 6 potions of ambrosia


   Skills:
 + Level 13.5 Fighting
 + Level 11.5 Axes
 + Level 13.3 Armour
 + Level 10.3 Dodging


You had 13 spell levels left.
You didn't know any spells.
Your spell library contained the following spells:

 Spells                   Type           Power      Damage    Failure   Level
 Magic Dart               Conj           0%         1d3       97%         1
 Slow                     Hex            0%         N/A       97%         1
 Blink                    Tloc           0%         N/A       99%         2
 Call Imp                 Summ           0%         N/A       99%         2
 Confusing Touch          Hex            0%         N/A       100%        3
 Dazzling Flash           Conj/Hex       0%         N/A       100%        3
 Frozen Ramparts          Ice            0%         1d1       100%        3
 Mephitic Cloud           Conj/Pois/Air  0%         N/A       100%        3
 Portal Projectile        Hex/Tloc       0%         N/A       100%        3
 Tukima's Dance           Hex            0%         N/A       100%        3
 Vampiric Draining        Necr           0%         2d6       100%        3
 Anguish                  Hex/Necr       0%         N/A       100%        4
 Ice Form                 Ice/Tmut       0%         N/A       100%        4
 Leda's Liquefaction      Hex/Erth       0%         N/A       100%        4
 Summon Ice Beast         Ice/Summ       0%         N/A       100%        4
 Agony                    Necr           0%         N/A       100%        5
 Blade Hands              Tmut           0%         N/A       100%        5
 Lee's Rapid Deconstruct  Erth           0%         3d5*      100%        5
 Manifold Assault         Tloc           0%         N/A       100%        5
 Silence                  Hex/Air        0%         N/A       100%        5
 Yara's Violent Unravell  Hex/Tmut       0%         3d3       100%        5
 Enfeeble                 Hex            0%         N/A       100%        7
 Storm Form               Tmut/Air       0%         N/A       100%        7
 Statue Form              Tmut/Erth      Unusable   N/A       N/A         6

Dungeon Overview and Level Annotations

Branches:
Dungeon (13/15)            Temple (1/1) D:7            Lair (0/5) D:11
    Orc (0/2) D:12        Ossuary (visited)
 Vaults: D:13-14

Altars:
Ashenzari
Cheibriados
Dithmenos
Elyvilon
Fedhas
Gozag
Hepliaklqana
Kikubaaqudgha
Makhleb
Nemelex Xobeh
Okawaru
Qazlal
Ru
Sif Muna
Trog
Uskayaw
Vehumet
Wu Jian
Xom
Yredelemnul
Zin
The Shining One

Shops:
D:4 *   D:7 [   D:12 ![**

Annotations:
D:10 3 runed translucent doors, KittyFluff's ghost, journeyman GrBe
D:12 3 runed translucent doors, sigtrap's ghost, journeyman KoBr


Innate Abilities, Weirdness & Mutations

You are immune to sickness and miasma.
Your stone body is resilient. (AC +10)
You are immune to poison.
Your large and strong wings let you fly.
You resist negative energy. (rN+)
You are resistant to electric shocks. (rElec)
You are resistant to unholy torment.
You are immune to petrification.


Message History

The kobold demonologist hits you but does no damage.
The neqoxec misses you.
You barely miss the kobold demonologist.
The kobold demonologist is severely wounded.
You slash the neqoxec! You closely miss the sun demon. The sun demon hits you!!
You are engulfed in flames!
The kobold demonologist hits you but does no damage.
The neqoxec hits you but does no damage.
You hit the kobold demonologist.
The kobold demonologist is severely wounded.
You hit the neqoxec. You hit the sun demon. The sun demon hits you!!
You are engulfed in flames!!
* * * LOW HITPOINT WARNING * * *
The kobold demonologist gestures wildly while chanting.
The neqoxec hits you.
* * * LOW HITPOINT WARNING * * *
The sun demon hits you but does no damage.
Okay, then.
Okay, then.
You feel much better.
The sixfirhy hits you but does no damage.
The kobold demonologist hits you but does no damage.
The neqoxec closely misses you. The sun demon hits you!
You are engulfed in flames!
* * * LOW HITPOINT WARNING * * *
Your ogre goes berserk!
You can no longer call in reinforcements.
The sixfirhy hits you but does no damage. x3
The sixfirhy hits you!
* * * LOW HITPOINT WARNING * * *
The sixfirhy shocks you. You resist.
* * * LOW HITPOINT WARNING * * *
The kobold demonologist casts a cantrip, but nothing happens.
The sun demon hits you but does no damage.
The neqoxec hits you!
* * * LOW HITPOINT WARNING * * *
You feel better. The sixfirhy hits you.
* * * LOW HITPOINT WARNING * * *
The sixfirhy shocks you. You resist.
You die...

.'..####.#.#
# .
#.###K###.
#...KKlo..
##)#######
#oK# ##l#
#o# ###K####
#..3@3.#
#....3.#
#...O..#
+......#
#......+
#......#
########


You could see a sun demon (summoned), a kobold demonologist, a sixfirhy
(summoned), a basilisk, a neqoxec (summoned, ally target), an orc priest, an
orc, a kobold and a friendly ogre (summoned, berserk).

Vanquished Creatures
  Frances (D:13)
  4 hydras
  2 boulder beetles (D:12)
  4 two-headed ogres
  4 centaur warriors
  A tengu warrior (D:12)
  A skeletal warrior (D:12)
  A necromancer (D:12)
  A wizard (D:12)
  2 deep elf pyromancers
  3 cyclopes
  5 manticores
  2 ugly things (D:12)
  2 gargoyles
  A kobold demonologist (D:12)
  2 unseen horrors (D:12)
  A freezing wraith (D:12)
  An efreet (D:13)
  A komodo dragon (D:12)
  9 trolls
  A queen bee (D:11)
  A hornet (D:9)
  5 slime creatures (D:12)
  A shadow (D:12)
  22 yaks
  3 wyverns
  3 wraiths
  4 steam dragons
  10 vampire mosquitoes
  An acid dragon (D:12)
  4 water moccasins
  3 ice beasts
  2 sky beasts
  9 orc warriors
  A black bear (D:4)
  An ogre (D:13)
  10 centaurs
  2 phantoms
  4 kobold brigands
  5 bullfrogs
  6 scorpions
  A wight (D:9)
  22 killer bees (D:11)
  An electric eel (D:12)
  6 howler monkeys
  14 orc priests
  4 hounds
  2 jellies
  2 gnoll boudas (D:9)
  Terence (D:2)
  An iguana (D:6)
  13 orc wizards
  3 mummies (Ossuary)
  Robin (D:3)
  8 adders
  A shadow imp (D:5)
  3 white imps
  An ufetubus (D:5)
  3 worms
  4 dart slugs
  44 orcs
  3 bats
  6 endoplasms
  5 giant cockroaches
  19 goblins
  14 hobgoblins
  2 jackals (D:2)
  11 kobolds
  5 quokkas (D:1)
  8 ball pythons
  6 frilled lizards
  A hobgoblin zombie (Ossuary)
  6 rats
367 creatures vanquished.

Vanquished Creatures (collateral kills)
  Gastronok (D:8)
  2 boulder beetles (D:12)
  A two-headed ogre (D:12)
  A cyclops (D:12)
  A gargoyle (D:12)
  2 kobold demonologists
  A troll (D:12)
  2 slime creatures (D:12)
  A vampire (D:12)
  A shadow (D:12)
  A wyvern (D:11)
  An acid dragon (D:12)
  A centaur (D:11)
  A gnoll sergeant (D:12)
  4 centaur zombies (Ossuary)
  An iguana (D:11)
  A mummy (Ossuary)
  An orc (D:13)
  A hobgoblin zombie (Ossuary)
25 creatures vanquished.

Vanquished Creatures (others)
  An unseen horror (D:13)
  An orc (D:9)
  2 kobolds (D:13)
  4 fungi (D:11)
  13 plants
21 creatures vanquished.

Grand Total: 413 creatures vanquished

Notes
Turn   | Place    | Note
-------+----------+-------------------------------------------
     0 | D:1      | necKro23 the Gargoyle Berserker began the quest for the
                  | Orb.
     0 | D:1      | Reached XP level 1. HP: 14/14 MP: 1/1
   601 | D:1      | Reached XP level 2. HP: 12/19 MP: 2/2
  1887 | D:1      | Found a faded altar of an unknown god.
  1947 | D:2      | Reached XP level 3. HP: 24/24 MP: 3/3
  1961 | D:2      | You fall into a shaft and drop 2 floors!
  1971 | D:4      | Noticed a scorpion
  1984 | D:4      | Killed a scorpion
  1985 | D:4      | Reached XP level 4. HP: 20/29 MP: 4/4
  2060 | D:3      | Reached XP level 5. HP: 19/33 MP: 5/5
  2600 | D:3      | Reached ** piety under Trog
  2669 | D:3      | Noticed Robin
  3203 | D:2      | Identified the +1 scale mail "Byatips" {Will+ MP+9 Str+4
                  | Stlth-}
  3646 | D:2      | Noticed Terence
  3655 | D:2      | Killed Terence
  3656 | D:2      | Reached XP level 6. HP: 39/39 MP: 6/6
  4041 | D:3      | Killed Robin
  4267 | D:4      | Noticed a black bear
  4284 | D:4      | Killed a black bear
  4495 | D:4      | Reached skill level 5 in Fighting
  4630 | D:4      | Reached XP level 7. HP: 44/44 MP: 7/7
  4702 | D:4      | Found Cotes's Serpentskin Sales.
  4731 | D:4      | Reached *** piety under Trog
  4964 | D:5      | Entered Level 5 of the Dungeon
  5158 | D:5      | Reached skill level 5 in Armour
  5316 | D:5      | Found a hide-covered altar of Uskayaw.
  5389 | D:5      | Reached XP level 8. HP: 41/51 MP: 8/8
  5817 | D:6      | Found a basalt altar of Yredelemnul.
  5830 | D:6      | Reached skill level 5 in Axes
  6512 | D:6      | Reached **** piety under Trog
  6869 | D:7      | Reached XP level 9. HP: 45/57 MP: 9/9
  6935 | D:7      | Reached skill level 5 in Dodging
  7023 | D:7      | Found a staircase to the Ecumenical Temple.
  7025 | D:7      | Found a sand-covered staircase.
  7036 | Ossuary  | Entered an ossuary
  7148 | D:7      | Found Panam's Armour Shop.
  7556 | D:9      | Noticed a two-headed ogre
  8276 | D:8      | Found a glowing golden altar of the Shining One.
  8322 | D:8      | Noticed Gastronok
  8335 | D:8      | Killed Gastronok
  8336 | D:8      | Reached XP level 10. HP: 31/65 MP: 10/10
  8446 | D:8      | Noticed a two-headed ogre
  8455 | D:8      | Killed a two-headed ogre
  8970 | Temple   | Entered the Ecumenical Temple
  9139 | D:9      | Found a white marble altar of Elyvilon.
  9259 | D:9      | Found a blossoming altar of Fedhas.
  9262 | D:9      | Found an ancient bone altar of Kikubaaqudgha.
  9320 | D:9      | Killed a two-headed ogre
  9583 | D:9      | Noticed a gargoyle
  9591 | D:9      | Killed a gargoyle
  9634 | D:9      | Noticed a four-headed hydra
  9646 | D:9      | Killed a one-headed hydra
  9647 | D:9      | Reached XP level 11. HP: 68/72 MP: 11/11
  9776 | D:10     | Entered Level 10 of the Dungeon
 10314 | D:9      | Reached skill level 10 in Fighting
 10647 | D:10     | Found a glowing silver altar of Zin.
 10650 | D:10     | Found a snail-covered altar of Cheibriados.
 10653 | D:10     | Found a shimmering altar of Xom.
 10655 | D:10     | Found an ornate altar of the Wu Jian Council.
 10658 | D:10     | Found a sacrificial altar of Ru.
 10660 | D:10     | Found a hazy altar of Hepliaklqana.
 10660 | D:10     | Found an iron altar of Okawaru.
 10664 | D:10     | Found an opulent altar of Gozag.
 10798 | D:10     | Reached ***** piety under Trog
 10836 | D:10     | Reached skill level 10 in Armour
 11004 | D:10     | Found a runed translucent gate.
 11004 | D:10     | Found a runed translucent gate.
 11006 | D:10     | Found a runed translucent gate.
 11006 | D:10     | Noticed a fire dragon
 11006 | D:10     | Noticed KittyFluff's ghost (journeyman GrBe)
 11392 | D:11     | Found a staircase to the Lair.
 11710 | D:11     | Identified the +2 long sword of Vanity {vamp, Fly rF+
                  | Will-}
 12162 | D:11     | Reached XP level 12. HP: 75/80 MP: 12/12
 12978 | D:12     | Found a staircase to the Orcish Mines.
 13351 | D:12     | Found Xeaxi's Distillery.
 13353 | D:12     | Found Ofaz's Antique Armour Emporium.
 13355 | D:12     | Found Yjeruid's General Store.
 13360 | D:12     | Bought a potion of curing for 48 gold pieces
 13360 | D:12     | Bought a potion of degeneration for 16 gold pieces
 13407 | D:12     | Bought a scroll of noise for 14 gold pieces
 13547 | D:12     | Noticed a boulder beetle
 13581 | D:12     | Killed a boulder beetle
 13649 | D:12     | Found a runed translucent gate.
 13649 | D:12     | Found a runed translucent gate.
 13649 | D:12     | Found a runed translucent gate.
 13650 | D:12     | Found an opulent altar of Gozag.
 13651 | D:12     | Found Oshrischel's Assorted Antiques.
 13652 | D:12     | Noticed sigtrap's ghost (journeyman KoBr)
 13653 | D:12     | Noticed a boulder beetle
 13826 | D:12     | Found a bloodstained altar of Trog.
 14217 | D:12     | Noticed a five-headed hydra
 14226 | D:12     | Killed a two-headed hydra
 14857 | D:12     | Identified the +6 battleaxe of Davio {protect, Stlth+}
 14864 | D:12     | Noticed a centaur warrior
 14867 | D:12     | Reached skill level 10 in Axes
 14870 | D:12     | Killed a centaur warrior
 14873 | D:12     | Noticed a centaur warrior
 14888 | D:12     | Killed a centaur warrior
 14894 | D:12     | Noticed a centaur warrior
 14899 | D:12     | Killed a centaur warrior
 15101 | D:12     | Noticed a tengu warrior
 15104 | D:12     | Killed a tengu warrior
 15144 | D:12     | Reached XP level 13. HP: 81/86 MP: 13/13
 15210 | D:12     | Identified the +2 flail of Lixe {vamp, Contam rN+++ Will+
                  | rCorr}
 16435 | D:12     | Reached skill level 10 in Dodging
 18197 | D:13     | Noticed Frances
 18211 | D:13     | Killed Frances
 18212 | D:13     | Gained mutation: Your large and strong wings let you fly.
                  | [Gargoyle growth]
 18212 | D:13     | Reached XP level 14. HP: 94/94 MP: 14/14
 18250 | D:13     | HP: 1/94 [neqoxec[a kobold demonologist] (9)]
 18251 | D:13     | Slain by a sixfirhy

Illustrated notes

Levels and vault maps discovered:
D:1:      heliophobic_arrival_ceremonial_halls, layout_basic,
          shapermc_ecumenical_altar_mp_vishouse
D:2:      layout_loops_corners, kennysheep_pointless_box,
          chequers_serial_rivers_small_a, kennysheep_generic_room_16,
          uniq_terence
D:3:      layout_rooms, serial_glass, glass_columns_a, glass_columns_b,
          glass_columns_a, glass_columns_a, glass_columns_c, glass_columns_a,
          uniq_robin
D:4:      layout_basic, small_statue_intersection, guppyfry_shop_venom
D:5:      layout_cave_pools, nicolae_overflow_hidden_temple
D:6:      layout_loops_ring, mainiacjoe_overflow_six_doors_small, minivault_23,
          grunt_ministairs_3, kennysheep_generic_room_12
D:7:      layout_rooms, minmay_temple_entry_drinking_statues, serial_shops,
          nicolae_shop_statue_plus, nicolae_ossuary_entry_monument,
          minmay_misc_feat_encased
D:8:      layout_loops_ring, mainiacjoe_overflow_alcove_4,
          hangedman_decor_lopped, hangedman_glass_teeth,
          chequers_serial_rivers_small_3, uniq_gastronok
D:9:      layout_loops_cross, grunt_temple_overflow_growth_and_decay,
          mainiacjoe_overflow_brackets, enter_bailey_3, minivault_25_ag,
          minmay_joined_circles
D:10:     layout_rooms, nicolae_overflow_hallway_of_the_gods,
          gammafunk_ghost_split
D:11:     layout_loops_ring, minmay_lair_entry_grove, palyth_stone_intersect,
          minivault_7
D:12:     minmay_spiral_squares, layout_stronghold, david_orc_2,
          ebering_ghost_gozag, serial_column_ruins, column_ruins_square_large,
          column_ruins_columns_water, column_ruins_open_tiny,
          column_ruins_open_medium, column_ruins_open_small,
          column_ruins_columns_straight, nicolae_wooded_promenade,
          trog_three_pillars_becter
D:13:     layout_roguey, special_room [special_room_orc],
          kennysheep_windowed_goal, uniq_frances
Temple:   hellmonk_temple_beads

Skill      XL: |  1  2  3  4  5  6  7  8  9 10 11 12 13 |
---------------+----------------------------------------+-----
Axes           | 3 4 5 7 8 9 10 11 | 11.5
Dodging        | 2 3 4 6 7 8 9 10 | 10.3
Fighting       | 4 5 7 8 9 11 12 13 | 13.5
Armour         | 3 4 5 6 8 9 10 11 13 | 13.3

Action                   |  1- 3 |  4- 6 |  7- 9 | 10-12 | 13-15 || total
-------------------------+-------+-------+-------+-------+-------++-------
Melee: Hand axe          |   107 |   277 |   115 |       |       ||   499
       Punch             |       |     2 |     2 |    10 |       ||    14
       War axe           |       |       |   156 |   521 |    12 ||   689
       Battleaxe         |       |       |       |    49 |   224 ||   273
Invok: Berserk           |     1 |     2 |     2 |     6 |     3 ||    14
       Trog's Hand       |       |     1 |     3 |     7 |     5 ||    16
       Brothers in Arms  |       |       |     2 |     3 |     7 ||    12
Evoke: Wand              |       |       |       |       |     1 ||     1
  Use: Scroll            |       |       |       |     1 |     5 ||     6
       Potion            |       |       |       |       |     2 ||     2
 Stab: Sleeping          |     1 |       |       |       |       ||     1
Armor: Animal skin       |    15 |       |       |       |       ||    15
       Ring mail         |    15 |       |       |       |       ||    15
       Scale mail        |       |   170 |   161 |       |       ||   331
       Plate armour      |       |       |     6 |   566 |   219 ||   791
Dodge: Dodged            |    68 |   168 |   127 |   323 |   134 ||   820
